 Dungeon Crawl Stone Soup version 0.26-a0-663-g36e8fdb655 (webtiles) character file.

Game seed: 634875734773886478

267000 sauce the Slayer (level 19, 0/189 HPs)
             Began as a Minotaur Berserker on Oct 11, 2020.
             Was the Champion of Trog.
             Slain by a polar bear (shapeshifter) (2 damage)
             ... on level 1 of the Vaults.
             The game lasted 02:41:40 (41493 turns).

sauce the Slayer (Minotaur Berserker)              Turns: 41493, Time: 02:41:41

Health: 0/189      AC: 22    Str: 33    XL:     19   Next: 34%
Magic:  27/27      EV: 11    Int: 12    God:    Trog [******]
Gold:   1428       SH: 29    Dex:  9    Spells: 18/18 levels left

rFire    + . .     SeeInvis .   E - +9 war axe (flame)
rCold    + . .     Faith    .   y - +0 tower shield
rNeg     . . .     Spirit   .   X - +1 plate armour {rC+}
rPois    +         Reflect  +   (helmet restricted)
rElec    +         Harm     .   O - +0 cloak of Coog {MR+ Str+4 Slay+3}
rCorr    .         Rampage  .   (no gloves)
MR       ++...                  w - +0 pair of boots of Cloud Cover {rElec Slay+3}
Stlth    ..........             F - amulet of reflection
HPRegen  0.41/turn              W - ring of Opohyah {rPois MP+9 Int+6}
MPRegen  0.20/turn              u - ring of protection from fire

@: constricted
A: retaliatory headbutt, horns 2
}: 2/15 runes: serpentine, barnacled
a: Berserk, Trog's Hand, Brothers in Arms, Renounce Religion


You were on level 1 of the Vaults.
You worshipped Trog.
Trog was exalted by your worship.
You visited 7 branches of the dungeon, and saw 33 of its levels.
You also visited: Gauntlet.

You collected 2809 gold pieces.
You spent 1381 gold pieces at shops.

Inventory:

Hand Weapons
 E - a +9 war axe of flaming (weapon)
 P - the +8 broad axe of Luxury {antimagic, *Rage rPois rC++ Int-2}
   (Trog gifted it to you on level 2 of the Shoals)

   It reduces the magical energy of the wielder, and disrupts the spells and
   magical abilities of those hit.
   Natural abilities and divine invocations are not affected.
   It affects your intelligence (-2).
   It greatly protects you from cold.
   It protects you from poison.
   It may make you go berserk in combat.
Armour
 s - a +0 plate armour
 w - the +0 pair of boots of Cloud Cover (worn) {rElec Slay+3}
   (You found it on level 3 of the Snake Pit)

   It affects your accuracy and damage with ranged weapons and melee attacks
   (+3).
   It insulates you from electricity.
 y - a +0 tower shield (worn)
 O - the +0 cloak of Coog (worn) {MR+ Str+4 Slay+3}
   (You found it in a Gauntlet)

   It affects your strength (+4).
   It affects your accuracy and damage with ranged weapons and melee attacks
   (+3).
   It affects your resistance to hostile enchantments.
 X - a +1 plate armour of cold resistance (worn)
Jewellery
 g - an uncursed ring of positive energy
 u - a ring of protection from fire (right hand)
 D - an uncursed ring of resist corrosion
 F - an amulet of reflection (around neck)
 L - a +6 ring of strength
 Q - an uncursed ring of protection from magic {unknown}
 V - an uncursed amulet of regeneration
 W - the ring of Opohyah (left hand) {rPois MP+9 Int+6}
   (You found it in a Gauntlet)

   [ring of intelligence]

   It affects your intelligence (+6).
   It protects you from poison.
   It affects your magic capacity (+9).
Wands
 k - a wand of polymorph (14)
 n - a wand of digging (4)
 H - a wand of acid (30)
 M - a wand of iceblast (18)
 R - a wand of paralysis (12)
 T - a wand of flame (50)
 U - a wand of random effects (37)
Scrolls
 d - 17 scrolls of teleportation
 f - a scroll of acquirement
 h - 4 scrolls of fear
 i - 8 scrolls of enchant armour
 m - 19 scrolls of remove curse
 p - 2 scrolls of enchant weapon
 r - 6 scrolls of immolation
 t - a scroll of torment
 v - 6 scrolls of magic mapping
 z - 11 scrolls of blinking
 A - 11 scrolls of identify
 S - 3 scrolls of vulnerability
 Y - 2 scrolls of holy word
Potions
 a - a potion of invisibility
 b - 2 potions of flight
 c - 14 potions of curing
 e - a potion of haste
 j - 10 potions of stabbing
 l - 6 potions of lignification
 o - 2 potions of berserk rage
 q - a potion of cancellation
 x - 3 potions of might
 C - 2 potions of mutation
 I - 4 potions of resistance
 J - a potion of ambrosia
 K - 4 potions of heal wounds
 N - 2 potions of brilliance
Miscellaneous
 B - a box of beasts (3/3)
 G - a phial of floods
 Z - a condenser vane (2/2)


   Skills:
 + Level 21.0 Fighting
 - Level 16.0 Axes
 + Level 18.2 Armour
 - Level 16.3 Dodging
 + Level 19.4 Shields
 - Level 6.5 Evocations


You had 18 spell levels left.
You didn't know any spells.
Your spell library was empty.

Dungeon Overview and Level Annotations

Branches:
Dungeon (15/15)            Temple (1/1) D:7            Lair (6/6) D:10
 Shoals (4/4) Lair:4        Snake (4/4) Lair:2        Slime (0/5) Lair:5
    Orc (2/2) D:10            Elf (0/3) Orc:2        Vaults (1/5) D:13
 Depths (0/5) D:15        Gauntlet (visited)

Altars:
Ashenzari
Elyvilon
Fedhas
Gozag
Hepliaklqana
Nemelex Xobeh
Sif Muna
Trog
Xom
Yredelemnul
The Shining One
Beogh
Jiyva
Lugonu

Shops:
D:7 ?   D:9 *   Orc:2 [?}:   Shoals:1 (   Snake:1 *   Snake:2 ?:   Snake:4 }=[[

Annotations:
D:7 2 transporters, haldagan's ghost, novice HaHu
Lair:5 1 runed translucent door


Innate Abilities, Weirdness & Mutations

You reflexively headbutt those who attack you in melee.
You have a pair of horns on your head.


Message History

The deep elf archer unwields a +0 dagger.
The deep elf archer wields a +0 shortbow.
The deep elf archer shoots an arrow.
The arrow hits you!
* * * LOW HITPOINT WARNING * * *
Your deep troll goes berserk!
The entropy weaver hits you but does no damage. x2
You block the entropy weaver's attack. x2
The entropy weaver hits you but does no damage.
You block the entropy weaver's attack. The entropy weaver hits you.
* * * LOW HITPOINT WARNING * * *
You block the entropy weaver's attack.
The tentacled monstrosity barely misses you. x2
The tentacled monstrosity tentacle-slaps you but does no damage.
* * * LOW HITPOINT WARNING * * *
The tentacled monstrosity constricts you!
The polar bear bites you!!
* * * LOW HITPOINT WARNING * * *
The polar bear claws you but does no damage.
The polar bear claws you.
You die...

...# #....'......#..
...# .. #....#......#..
...# #.. #....#####.....
...# #..#
#....##.......# ...#
....# #....##.......#
...# .....##
#....##.......# ...#
#..#.eT###....#####'#'##
...#
...(..h)[+.......#......
...#
.....pX@.#)†.....#.)()..
...#
#..#..B###.......#.())).
...# .(...##
#.......#...)). ...#
..(. #.......#......
...# #.. #.......(......
...# #. #.......#......
...# . #.......#......
...# #.......#......
...# #.......#......


You could see a tentacled monstrosity (strong), an entropy weaver (fast,
strong), a deep elf archer (repels missiles), an ironbrand convoker, a polar
bear (strong) and a friendly deep troll (summoned, berserk).

Vanquished Creatures
  Mara (Snake:4)
  Vashnia (Snake:4)
  Nikola (Snake:3)
  Polyphemus (Shoals:2)
  Roxanne (Shoals:2)
  Donald (Snake:3)
  A storm dragon (Vaults:1)
  8 nagarajas
  A frost giant (Shoals:3)
  The ghost of Qazawn the Zephyrmancer, a journeyman DrFE of Vehumet (Snake:1)
  Aizul (Snake:2)
  A vault warden (Vaults:1)
  3 ironheart preservers (Vaults:1)
  A stone giant (Orc:2)
  A deep elf demonologist (Vaults:1)
  Azrael (D:15)
  A minotaur (Gauntlet)
  A dire elephant (Lair:6)
  The ghost of emiel the Grappler, a journeyman PaTm of Cheibriados (Lair:3)
  Snorg (Orc:2)
  2 ettins (Orc:2)
  3 merfolk javelineers
  2 merfolk impalers (Shoals:3)
  Josephine (Snake:1)
  A yaktaur captain (Vaults:1)
  23 naga warriors
  3 boulder beetles
  8 vault guards (D:13)
  Erolcha (D:10)
  9 anacondas
  4 merfolk aquamancers
  An alligator snapping turtle (Shoals:3)
  Erica (D:10)
  4 hydras
  A centaur warrior (Vaults:1)
  4 catoblepae
  27 two-headed ogres
  A merfolk avatar (Shoals:3)
  3 tengu warriors
  9 ogre magi
  10 death yaks
  A hell hog (Gauntlet)
  A deep troll shaman (Lair:6)
  10 shock serpents
  16 naga sharpshooters
  Nergalle (D:10)
  Sonja (Lair:3)
  A deep elf knight (D:15)
  2 deep trolls (Orc:2)
  5 skeletal warriors
  2 salamander mystics
  A deep elf archer (Vaults:1)
  16 sea snakes
  10 naga ritualists
  4 unseen horrors
  A wizard (D:14)
  An obsidian statue (Snake:1)
  Pikel (D:6)
  A wolf spider zombie (D:15)
  13 harpies
  2 ironbrand convokers (Vaults:1)
  4 orc sorcerers
  3 wolf spiders
  3 orc knights
  A faun (Shoals:2)
  A harpy (shapeshifter) (Vaults:1)
  An oklob plant (Snake:3)
  7 deep elf magi
  7 mana vipers
  4 ugly things
  10 manticores
  10 cyclopes
  11 salamanders
  3 elephants (Lair:6)
  3 merfolk sirens
  5 water nymphs (Shoals:2)
  4 guardian serpents
  37 black mambas
  A smoke demon (D:13)
  2 gargoyles
  6 cane toads
  29 naga magi
  Maggie (D:6)
  Psyche (D:10)
  7 kobold demonologists
  A yaktaur (Vaults:1)
  10 komodo dragons
  3 freezing wraiths
  2 ice devils
  A redback zombie (D:15)
  12 trolls
  A wind drake (Shoals:4)
  3 polar bears
  11 merfolk
  13 blink frogs
  8 dream sheep
  4 snapping turtles
  4 flying skulls (Gauntlet)
  Sigmund (D:2)
  A tarantella (shapeshifter) (Vaults:1)
  11 water elementals
  7 wraiths
  2 fire bats (Gauntlet)
  2 vampires
  Grum (D:8)
  7 wyverns
  50 yaks
  3 steam dragons (D:9)
  7 basilisks
  2 wargs
  3 acid dragons
  62 nagas
  A soldier ant (D:15)
  20 water moccasins
  A floating eye (shapeshifter) (D:15)
  6 hell hounds
  32 orc warriors
  2 sky beasts
  A black bear (Lair:3)
  An eye of draining (D:14)
  4 ice beasts
  4 phantoms
  39 ogres
  33 wolves
  3 boggarts (Vaults:1)
  8 centaurs
  A lemure (D:6)
  4 big kobolds
  14 bullfrogs
  2 gnoll sergeants
  3 wyvern skeletons
  10 scorpions
  A water moccasin skeleton (D:5)
  4 killer bees (D:12)
  12 wights
  3 electric eels (Snake:1)
  4 crimson imps (D:13)
  A quasit (D:11)
  2 bullfrog zombies
  7 centaur zombies
  10 hounds
  4 jellies
  5 gnoll shamans
  28 orc priests
  32 orc wizards
  2 bullfrog skeletons
  2 centaur skeletons
  9 worker ants
  A hound zombie (D:5)
  A hound skeleton (D:6)
  A howler monkey zombie (D:11)
  38 gnolls
  16 adders
  3 shadow imps
  9 white imps
  2 oozes
  An adder zombie (D:7)
  An adder skeleton (D:6)
  A worm (D:2)
  4 leopard geckos
  121 orcs
  5 ball pythons
  7 bats
  3 giant cockroaches
  14 goblins
  4 hobgoblins
  29 jackals
  29 kobolds
  3 quokkas
  3 frilled lizards
  A jackal skeleton (D:4)
  A leopard gecko skeleton (D:4)
  5 rats
1248 creatures vanquished.

Vanquished Creatures (collateral kills)
  Saint Roka (Snake:3)
  2 hydras (Lair:1)
  A centaur warrior (D:15)
  5 two-headed ogres (Vaults:1)
  An ogre mage (Vaults:1)
  2 shock serpents (Snake:3)
  2 cyclopes
  A cane toad (Lair:1)
  A polar bear (Lair:1)
  4 orc warriors (Snake:3)
  A boggart (Vaults:1)
  A bullfrog (Lair:1)
22 creatures vanquished.

Vanquished Creatures (others)
  A nagaraja (Snake:4)
  A naga mage (Snake:4)
  A boggart (Vaults:1)
  7 demonic plants
  19 fungi
  197 plants
  A withered plant (Shoals:4)
227 creatures vanquished.

Grand Total: 1497 creatures vanquished

Notes
Turn   | Place    | Note
-------+----------+-------------------------------------------
     0 | D:1      | sauce the Minotaur Berserker began the quest for the Orb.
     0 | D:1      | Reached XP level 1. HP: 19/19 MP: 0/0
   259 | D:1      | Reached XP level 2. HP: 27/27 MP: 1/1
   470 | D:1      | Reached skill level 4 in Fighting
   790 | D:2      | Reached XP level 3. HP: 30/33 MP: 2/2
   951 | D:2      | Found a basalt altar of Yredelemnul.
   996 | D:2      | Reached skill level 5 in Axes
  1055 | D:2      | Noticed Sigmund
  1072 | D:2      | Killed Sigmund
  1072 | D:2      | Reached skill level 5 in Fighting
  1072 | D:2      | Reached XP level 4. HP: 42/42 MP: 3/3
  1072 | D:2      | Reached XP level 5. HP: 48/48 MP: 4/4
  1179 | D:2      | Reached ** piety under Trog
  1729 | D:3      | Reached XP level 6. HP: 56/56 MP: 5/5
  2661 | D:4      | Reached *** piety under Trog
  2661 | D:4      | Reached skill level 6 in Fighting
  2904 | D:4      | Reached XP level 7. HP: 62/63 MP: 6/6
  3712 | D:5      | Entered Level 5 of the Dungeon
  4170 | D:5      | Reached skill level 7 in Fighting
  4431 | D:5      | Reached XP level 8. HP: 58/73 MP: 7/7
  4613 | D:5      | Reached skill level 10 in Axes
  5015 | D:5      | Reached **** piety under Trog
  5216 | D:6      | Noticed Pikel
  5219 | D:6      | Reached skill level 8 in Fighting
  5234 | D:6      | Killed Pikel
  5430 | D:6      | Reached XP level 9. HP: 82/82 MP: 8/8
  5561 | D:6      | Reached skill level 9 in Fighting
  6074 | D:6      | Reached skill level 1 in Shields
  6590 | D:6      | Noticed Maggie
  6607 | D:6      | Killed Maggie
  7361 | D:7      | Found Faigea's Magic Scroll Shop.
  7412 | D:7      | Bought 2 scrolls of identify for 48 gold pieces
  7412 | D:7      | Bought a scroll of magic mapping for 42 gold pieces
  7412 | D:7      | Bought a scroll of blinking for 90 gold pieces
  7412 | D:7      | Bought a scroll of teleportation for 36 gold pieces
  7412 | D:7      | Bought a scroll of teleportation for 36 gold pieces
  7596 | D:7      | Reached ***** piety under Trog
  7743 | D:7      | Found a transporter.
  7743 | D:7      | Found a transporter.
  7743 | D:7      | Noticed haldagan's ghost (novice HaHu)
  7746 | D:7      | Identified the +7 great mace of the Ecumenical Temple
                  | {vorpal, *Noise +Blink rC+++ MR-}
  7857 | D:7      | Found a staircase to the Ecumenical Temple.
  7866 | Temple   | Entered the Ecumenical Temple
  8312 | D:8      | Reached skill level 10 in Fighting
  8688 | D:8      | Noticed a two-headed ogre
  8700 | D:8      | Killed a two-headed ogre
  8700 | D:8      | Reached XP level 10. HP: 93/93 MP: 9/9
  8795 | D:8      | Noticed Grum
  8815 | D:8      | Reached skill level 5 in Shields
  8868 | D:8      | Killed Grum
  9139 | D:8      | Found a white marble altar of Elyvilon.
  9159 | D:8      | Received a gift from Trog
  9702 | D:9      | Found a broken altar of Ashenzari.
 10049 | D:9      | Found Dorphus's Assorted Antiques.
 10079 | D:9      | Bought a potion of stabbing for 108 gold pieces
 10079 | D:9      | Bought 2 grey potions for 48 gold pieces
 10270 | D:9      | Found a shimmering altar of Xom.
 10513 | D:9      | Found a sparkling altar of Nemelex Xobeh.
 10567 | D:10     | Entered Level 10 of the Dungeon
 10633 | D:10     | Found a staircase to the Lair.
 10636 | D:10     | Reached skill level 11 in Fighting
 10670 | D:10     | Noticed Nergalle
 10671 | D:10     | Noticed Psyche
 10682 | D:10     | Killed Nergalle
 10710 | D:10     | Killed Psyche
 11005 | D:10     | Found a roughly hewn altar of Beogh.
 11005 | D:10     | Found a staircase to the Orcish Mines.
 11021 | D:10     | Reached skill level 15 in Axes
 11105 | D:10     | Noticed a two-headed ogre
 11118 | D:10     | Killed an unseen horror
 11118 | D:10     | Reached XP level 11. HP: 102/102 MP: 10/10
 11122 | D:10     | Killed a two-headed ogre
 11299 | D:10     | Noticed a two-headed ogre
 11301 | D:10     | Noticed an ogre mage
 11304 | D:10     | Noticed a two-headed ogre
 11309 | D:10     | Killed a two-headed ogre
 11310 | D:10     | Noticed a two-headed ogre
 11315 | D:10     | Killed an ogre mage
 11319 | D:10     | Killed a two-headed ogre
 11319 | D:10     | Reached skill level 12 in Fighting
 11321 | D:10     | Killed a two-headed ogre
 11547 | D:10     | Noticed a two-headed ogre
 11551 | D:10     | Noticed a red ugly thing
 11555 | D:10     | Killed a two-headed ogre
 11572 | D:10     | Killed a red ugly thing
 12019 | D:10     | Noticed Erolcha
 12026 | D:10     | Killed Erolcha
 12198 | D:10     | Noticed Erica
 12207 | D:10     | Killed Erica
 12375 | D:10     | Reached skill level 13 in Fighting
 12559 | Lair:1   | Entered Level 1 of the Lair of Beasts
 12562 | Lair:1   | Reached skill level 10 in Shields
 12571 | Lair:1   | Reached XP level 12. HP: 106/115 MP: 11/11
 12887 | Lair:1   | Noticed a seven-headed hydra
 12892 | Lair:1   | Killed a seven-headed hydra
 12965 | Lair:1   | Noticed a seven-headed hydra
 12971 | Lair:1   | Killed a six-headed hydra
 13508 | Lair:2   | Found a staircase to the Snake Pit.
 13524 | Lair:2   | Reached skill level 5 in Armour
 13648 | Lair:2   | Received a gift from Trog
 13850 | Lair:2   | Reached skill level 5 in Dodging
 14169 | Lair:3   | Found a large runed translucent door.
 14169 | Lair:3   | Found a large runed translucent door.
 14184 | Lair:3   | Noticed emiel's ghost (journeyman PaTm)
 14201 | Lair:3   | Killed emiel's ghost
 14206 | Lair:3   | Identified the Volume of Torrid Transmigration
 14474 | Lair:3   | Reached skill level 14 in Fighting
 14695 | Lair:3   | Noticed Sonja
 14709 | Lair:3   | Killed Sonja
 15100 | Lair:4   | Noticed a death yak
 15100 | Lair:4   | Noticed a death yak
 15103 | Lair:4   | Noticed a death yak
 15111 | Lair:3   | Killed a death yak
 15111 | Lair:3   | Reached XP level 13. HP: 124/124 MP: 12/12
 15287 | Lair:4   | Found a staircase to the Shoals.
 16131 | Lair:5   | Found a runed translucent door.
 16131 | Lair:5   | Found a viscous altar of Jiyva.
 16131 | Lair:5   | Found a staircase to the Slime Pits.
 16131 | Lair:5   | Noticed an acid blob
 16136 | Lair:5   | Found a gate leading to a gauntlet.
 16144 | Gauntlet | Entered a Gauntlet
 16144 | Gauntlet | Found a transporter.
 16144 | Gauntlet | Found a transporter.
 16146 | Gauntlet | Found a transporter.
 16150 | Gauntlet | Found a transporter.
 16150 | Gauntlet | Found a transporter.
 16150 | Gauntlet | Found a transporter.
 16184 | Gauntlet | Found a transporter.
 16188 | Gauntlet | Found a transporter.
 16197 | Gauntlet | Found a transporter.
 16213 | Gauntlet | Found a transporter.
 16227 | Gauntlet | Found a transporter.
 16235 | Gauntlet | Found a transporter.
 16245 | Gauntlet | Found a runed translucent door.
 16333 | Gauntlet | Received a gift from Trog
 16384 | Gauntlet | Got a fine cloak
 16392 | Gauntlet | Identified the cursed +0 cloak of Coog {MR+ Str+4 Slay+3}
                  | (You found it in a Gauntlet)
 16596 | Gauntlet | Noticed a minotaur
 16602 | Gauntlet | Killed a minotaur
 16608 | Gauntlet | Got a heavily runed glass ring
 17553 | Lair:6   | Entered Level 6 of the Lair of Beasts
 17798 | Lair:6   | Reached skill level 15 in Fighting
 18351 | Lair:6   | Received a gift from Trog
 18491 | Lair:6   | Reached XP level 14. HP: 135/135 MP: 13/13
 18832 | Lair:6   | Reached skill level 10 in Armour
 19287 | Orc:1    | Entered Level 1 of the Orcish Mines
 19743 | Orc:2    | Entered Level 2 of the Orcish Mines
 19796 | Orc:2    | Noticed Snorg
 19813 | Orc:2    | Killed Snorg
 20098 | Orc:2    | Reached skill level 15 in Shields
 20103 | Orc:2    | Received a gift from Trog
 20124 | Orc:2    | Noticed a stone giant
 20126 | Orc:2    | Reached skill level 10 in Dodging
 20129 | Orc:2    | Reached skill level 16 in Fighting
 20146 | Orc:2    | Killed a stone giant
 20573 | Orc:2    | Found Xogoso's Book Boutique.
 20578 | Orc:2    | Found Vumiwym's Magic Scroll Shop.
 20582 | Orc:2    | Found Wiusuarr's Antique Armour Shoppe.
 20674 | Orc:2    | Received a gift from Trog
 20939 | Orc:2    | Identified the ring of Opohyah {rPois MP+9 Int+6} (You
                  | found it in a Gauntlet)
 21044 | Orc:2    | Bought a scroll of identify for 22 gold pieces
 21044 | Orc:2    | Bought a scroll of identify for 22 gold pieces
 21044 | Orc:2    | Bought a scroll of identify for 22 gold pieces
 21044 | Orc:2    | Bought a scroll of remove curse for 33 gold pieces
 21044 | Orc:2    | Bought a scroll of remove curse for 33 gold pieces
 21047 | Orc:2    | Found Xididili's Gadget Shop.
 21175 | Orc:2    | Found a staircase to the Elven Halls.
 21879 | D:11     | Reached XP level 15. HP: 145/145 MP: 14/14
 22245 | D:11     | Found a corrupted altar of Lugonu.
 22369 | D:12     | Reached ****** piety under Trog
 22766 | D:12     | Received a gift from Trog
 22919 | D:13     | Found a gate to the Vaults.
 22933 | D:13     | Reached skill level 17 in Fighting
 24400 | D:14     | Found a bloodstained altar of Trog.
 24929 | D:14     | Reached skill level 1 in Evocations
 25108 | D:15     | Entered Level 15 of the Dungeon
 25262 | D:15     | Found a staircase to the Depths.
 25270 | D:15     | Received a gift from Trog
 25778 | D:15     | Reached XP level 16. HP: 157/157 MP: 15/15
 25964 | D:15     | Noticed Azrael
 25983 | D:15     | Killed Azrael
 26411 | Snake:1  | Entered Level 1 of the Snake Pit
 26420 | Snake:1  | Reached skill level 18 in Fighting
 26956 | Snake:1  | Received a gift from Trog
 27110 | Snake:1  | Noticed Josephine
 27127 | Snake:1  | Killed Josephine
 27254 | Snake:1  | Found a runed translucent gate.
 27254 | Snake:1  | Found a runed translucent gate.
 27254 | Snake:1  | Found a runed translucent gate.
 27290 | Snake:1  | Found an opulent altar of Gozag.
 27293 | Snake:1  | Noticed Qazawn's ghost (journeyman DrFE)
 27951 | Snake:1  | Found Teagyel's Assorted Antiques.
 27965 | Snake:1  | Reached skill level 5 in Evocations
 28005 | Snake:1  | Killed Qazawn's ghost
 28329 | Snake:1  | Bought a scroll of magic mapping for 98 gold pieces
 28329 | Snake:1  | Bought a scroll of enchant weapon for 210 gold pieces
 28329 | Snake:1  | Bought a scroll of teleportation for 84 gold pieces
 28329 | Snake:1  | Bought a scroll of enchant armour for 210 gold pieces
 28329 | Snake:1  | Bought a scroll of identify for 56 gold pieces
 28329 | Snake:1  | Bought a scroll of identify for 56 gold pieces
 28783 | Snake:2  | Received a gift from Trog
 29030 | Snake:2  | Found Cyipn's Book Shoppe.
 29030 | Snake:2  | Found Cunaugimp's Magic Scroll Emporium.
 29048 | Snake:2  | Bought a scroll of enchant weapon for 127 gold pieces
 29489 | Snake:2  | Reached skill level 15 in Armour
 30673 | Snake:3  | Reached XP level 17. HP: 136/166 MP: 16/16
 30883 | Snake:3  | Noticed Aizul
 30904 | Snake:2  | Killed Aizul
 31052 | Snake:3  | Identified the cursed +0 hand axe "Goules" {vorpal, rPois
                  | MP+9 Str+4 Int-5} (You found it on level 3 of the Snake
                  | Pit)
 31144 | Snake:3  | Noticed Saint Roka
 31155 | Snake:3  | Received a gift from Trog
 31215 | Snake:3  | Reached skill level 19 in Fighting
 31479 | Snake:3  | Killed Saint Roka
 31482 | Snake:3  | Found a bloodstained altar of Trog.
 31739 | Snake:3  | Got a pair of crude boots
 31748 | Snake:3  | Identified the cursed +0 pair of boots of Cloud Cover
                  | {rElec Slay+3} (You found it on level 3 of the Snake Pit)
 32369 | Snake:4  | Entered Level 4 of the Snake Pit
 32556 | Snake:4  | Found a glowing golden altar of the Shining One.
 32570 | Snake:4  | Noticed Nikola
 32586 | Snake:4  | Found Komn's Gadget Shop.
 32603 | Snake:3  | Killed Nikola
 32997 | Snake:4  | Found Hioloug's Jewellery Shop.
 33044 | Snake:4  | Found Layn's Armour Shop.
 33047 | Snake:4  | Found Moub's Armour Shop.
 33290 | Snake:4  | Received a gift from Trog
 33299 | Snake:4  | Noticed Mara
 33303 | Snake:4  | Noticed sauce's illusion
 33325 | Snake:4  | Killed Mara
 33334 | Snake:4  | Reached skill level 15 in Dodging
 33349 | Snake:4  | Noticed Vashnia
 33350 | Snake:4  | Noticed Donald
 34395 | Snake:3  | Killed Donald
 35568 | Snake:4  | Received a gift from Trog
 35793 | Snake:3  | Reached XP level 18. HP: 137/178 MP: 17/17
 36069 | Snake:4  | Killed Vashnia
 36129 | Snake:4  | Reached skill level 20 in Fighting
 36316 | Snake:4  | Got a serpentine rune of Zot
 36921 | Shoals:1 | Entered Level 1 of the Shoals
 36932 | Shoals:1 | Received a gift from Trog
 37523 | Shoals:1 | Found Cenuhugh's Weapon Shop.
 38077 | Shoals:2 | Identified a scroll of acquirement
 38080 | Shoals:2 | Noticed Polyphemus
 38098 | Shoals:2 | Killed Polyphemus
 38514 | Shoals:2 | Identified Roxanne's Compendium of Transformation
 38514 | Shoals:2 | Noticed Roxanne
 38526 | Shoals:2 | Received a gift from Trog
 38657 | Shoals:2 | Identified the +8 broad axe of Luxury {antimagic, *Rage
                  | rPois rC++ Int-2} (Trog gifted it to you on level 2 of the
                  | Shoals)
 38680 | Shoals:2 | Killed Roxanne
 39021 | Shoals:4 | Entered Level 4 of the Shoals
 40206 | Shoals:4 | Got a barnacled rune of Zot
 40389 | Vaults:1 | Entered Level 1 of the Vaults
 40656 | Vaults:1 | Reached XP level 19. HP: 180/187 MP: 18/18
 41265 | Vaults:1 | Noticed a Brimstone Fiend
 41467 | Vaults:1 | Reached skill level 21 in Fighting
 41493 | Vaults:1 | HP: 2/189 [polar bear (shapeshifter) (21)]
 41493 | Vaults:1 | Slain by a polar bear (shapeshifter)

Illustrated notes

Levels and vault maps discovered:
D:1:      mushboom_english_gardens, layout_loops_cross, st_stairs_14
D:2:      layout_rooms, yredelemnul_altar_generic, uniq_sigmund
D:3:      layout_loops_ring, serial_bayou_lake_a
D:4:      layout_cave_pods
D:5:      layout_loops_cross, kennysheep_cross_bottleneck
D:6:      lemuel_castle_with_subvaults [lemuel_castle_interior_carwin_2],
          layout_rooms, uniq_maggie, uniq_pikel
D:7:      layout_gridville, temple_statues, serial_shops, shop,
          gammafunk_ghost_smash, grunt_ministairs_8, kennysheep_diamond
D:8:      layout_basic, elyvilon_altar_5, uniq_grum
D:9:      cheibrodos_steamvent, layout_rooms, lemuel_doored_altar, basic_altar,
          serial_shops, shop, tgw_xom
D:10:     layout_basic, lair_entry_dummy, david_orc_5, grunt_ministairs_1,
          st_stairs_4, uniq_erolcha, uniq_erica, uniq_nergalle, uniq_psyche
D:11:     kennysheep_kobold_lugonu_temple, layout_rooms
D:12:     layout_rooms
D:13:     layout_loops_ring, erik_vaults_2, minmay_fire_ice_demons
D:14:     layout_roguey, lemuel_crystal_altar
D:15:     hangedman_depths_entry_civil_slaughter, layout_cave_pools, uniq_azrael
Temple:   grunt_wide_crystal_templ
Lair:1:   layout_roguey, grunt_megastairs_3
Lair:2:   layout_misc_corridors, minmay_snake_entry_six_corridors,
          serial_bayou_pond_a
Lair:3:   layout_misc_corridors, ebering_ghost_disaster_area, uniq_sonja
Lair:4:   layout_loops_ring, shoals_dummy_entry, st_stairs_10
Lair:5:   layout_regular_city, slime_altar_2, gauntlet_entry_generic
Lair:6:   grunt_lair_end_beastmaster, layout_big_grid, grunt_megastairs_5,
          serial_bayou_shore_b
Shoals:1: layout_shoals, serial_shops, nicolae_shop_behind_doors,
          nicolae_shoals_water_elemental_grotto
Shoals:2: layout_shoals, uniq_roxanne, uniq_polyphemus, uniq_jorgrun
Shoals:3: layout_shoals
Shoals:4: shoals_end_grunt_ice, layout_shoals, argonaut_gorgonesque
Snake:1:  layout_rooms, serial_bayou, serial_bayou_lagoon_b,
          serial_bayou_shore_b, serial_bayou_shore_b, serial_bayou_pond_a,
          ebering_ghost_gozag, uniq_josephine
Snake:2:  layout_layer_cave, guppyfry_snake_island, minmay_shoptagon
Snake:3:  layout_cave_pods, lemuel_oklob_altar, uniq_aizul, uniq_saint_roka
Snake:4:  snake_pit, layout_cave_shapes, basic_altar, minmay_shop_grid_forest,
          uniq_nikola, uniq_mara, uniq_vashnia, uniq_donald
Orc:1:    layout_caves
Orc:2:    st_orc_open, layout_caves, uniq_snorg
Vaults:1: st_eye, hangedman_vaults_stretched_pinwheel, vaults_room_ringed_pool,
          v_misc_5, ontoclasm_vaults_eye, vaults_mumra_chevron,
          ontoclasm_vaults_ring_small, nicolae_vaults_little_ls,
          vaults_room_corners, grunt_vaults_funnel, layout_vaults_chaotic_city

Skill      XL: |  1  2  3  4  5  6  7  8  9 10 11 12 13 14 15 16 17 18 19 |
---------------+----------------------------------------------------------+-----
Axes           | 4 6 7 8 9 11 13 15 16 | 16.0
Fighting       | 4 5 6 7 8 10 11 13 14 15 16 17 18 19 20 21 | 21.0
Shields        | 4 7 10 11 13 15 17 19 | 19.4
Armour         | 7 9 12 13 15 16 17 18 | 18.2
Dodging        | 6 8 11 12 14 15 16 | 16.3
Evocations     | 3 6 |  6.5

Action                   |  1- 3 |  4- 6 |  7- 9 | 10-12 | 13-15 | 16-18 | 19-21 || total
-------------------------+-------+-------+-------+-------+-------+-------+-------++-------
Melee: Hand axe          |    65 |   108 |   366 |    29 |       |       |       ||   568
       Headbutt          |    13 |    13 |    80 |    77 |   210 |   289 |    40 ||   722
       War axe           |       |       |       |   384 |   853 |  1072 |   149 ||  2458
Invok: Berserk           |     2 |     1 |    10 |     7 |     4 |    14 |     1 ||    39
       Trog's Hand       |       |       |     1 |     4 |     4 |     7 |     1 ||    17
       Brothers in Arms  |       |       |       |     2 |     1 |     5 |     3 ||    11
Evoke: Wand              |       |       |       |     1 |     1 |       |       ||     2
       Phial of floods   |       |       |       |     1 |       |       |       ||     1
       Box of beasts     |       |       |       |       |       |     1 |       ||     1
  Use: Scroll            |       |       |    14 |     1 |    10 |    22 |       ||    47
       Potion            |       |       |       |     1 |       |     8 |       ||     9
 Stab: Petrified         |       |       |       |       |    14 |       |       ||    14
       Petrifying        |       |       |       |       |     1 |       |       ||     1
       Distracted        |       |       |       |       |       |     2 |       ||     2
Armor: Chain mail        |    19 |    56 |   144 |       |       |       |       ||   219
       Animal skin       |     1 |       |       |       |       |       |       ||     1
       Plate armour      |       |       |       |   117 |   186 |   223 |    30 ||   556
Dodge: Dodged            |    32 |    51 |   144 |    90 |   203 |   295 |    25 ||   840
Block: Kite shield       |       |       |       |   125 |   550 |   362 |       ||  1037
       Reflection        |       |       |       |       |    13 |   259 |    14 ||   286
       Tower shield      |       |       |       |       |       |   996 |   156 ||  1152

Table legend: (Time is in decaauts)
 A = Elapsed time spent in this place.
 B = Non-inter-level travel time spent in this place.
 C = Inter-level travel time spent in this place.
 D = Time resting spent in this place.
 E = Time spent auto-exploring this place.
 F = Levels seen in this place.
 G = Mean time per level.
                   A        B        C        D        E       F      G
               +--------+--------+--------+--------+--------+-----+--------+
         Total |  41244 |  39657 |   1587 |  14865 |  14882 |  34 | 1213.1 |
       Dungeon |  17200 |  16554 |    646 |   5262 |   7569 |  15 | 1146.7 |
        Temple |      1 |      1 |      0 |      0 |      0 |   1 |    1.0 |
          Lair |   6730 |   6381 |    349 |   1703 |   3454 |   6 | 1121.7 |
        Shoals |   2883 |   2733 |    150 |   1299 |    135 |   4 |  720.8 |
     Snake Pit |  10526 |  10134 |    392 |   5318 |   2722 |   4 | 2631.5 |
  Orcish Mines |   2376 |   2329 |     47 |    792 |    911 |   2 | 1188.0 |
        Vaults |   1068 |   1068 |      0 |    337 |     90 |   1 | 1068.0 |
      Gauntlet |    457 |    457 |      0 |    152 |      0 |   1 |  457.0 |
               +--------+--------+--------+--------+--------+-----+--------+

Top non-repeatable levels by time:
 Snake:3: 4611 daAuts
 Snake:1: 2227 daAuts
 Snake:2: 2205 daAuts
     D:6: 1868 daAuts
    D:10: 1840 daAuts
  Lair:6: 1495 daAuts
 Snake:4: 1482 daAuts
   Orc:2: 1481 daAuts
     D:5: 1455 daAuts
     D:8: 1448 daAuts
     D:3: 1343 daAuts
    D:13: 1314 daAuts
  Lair:4: 1244 daAuts
  Lair:3: 1149 daAuts
     D:7: 1140 daAuts
